[Event "*** SCC Grand Prix: Titled Tuesday Blitz"]
[Site "Chess.com"]
[Date "2020.07.21"]
[Round "1"]
[White "Bazarov04"]
[Black "ExtremeLearner"]
[Result "1-0"]
[WhiteElo "2604"]
[BlackElo "2258"]
[TimeControl "180+1"]
[EndTime "10:07:40 PDT"]
[Termination "Bazarov04 won by resignation"]

1. e4 c6 2. d4 d5 3. e5 Bf5 4.
f4 h5 5. Nf3 e6 6. Nc3 Nd7 7. Be3 Ne7 8. Be2 a6 9. O-O h4 10. a4 c5 11. dxc5 Nc6 12. Nd4 Nxd4 13. Bxd4 Bxc5 14. Bxc5 Nxc5 15. a5 Ne4 16. Nxe4 Bxe4 17.
c4 dxc4 18. Qxd8+ Rxd8 19. Bxc4 Ke7 20. Rf2 h3 21. g3 Rd4 22. b3 Rhd8 23. Rb2 Rd1+ 24.
Rxd1 Rxd1+ 25. Kf2 Rh1 26. Ke3 Bg2 27. Be2 Rxh2 28. Bf3 Rh1 29. Bxg2 hxg2 30. Rxg2 Rb1 31. Rc2 Rxb3+ 32. Ke4 Rb4+ 33. Kf3 g6 34. Rc7+ Kf8 35. Kg4 Kg7 36. Kg5 Rb5 37. g4 Rxa5 38. Rxb7 Rb5 39.
Ra7 a5 40. Kh4 Rb4 41. Kg5 a4 42. f5 gxf5 43. gxf5 Rb5 44. f6+ Kg8 45. Kh6 Rb8 46. Rxa4 Kf8 47. Kh7 Rd8 48. Rg4 Ke8 49. Rg8+ Kd7 50.
Rxd8+ Kxd8 51. Kg8 Ke8 52. Kg7 Kd7 53. Kxf7 Kc6 54. Kxe6 1-0

[Event "*** SCC Grand Prix: Titled Tuesday Blitz"]
[Site "Chess.com"]
[Date "2020.07.21"]
[Round "1"]
[White "elohunter1999"]
[Black "Konavets"]
[Result "1-0"]
[WhiteElo "2477"]
[BlackElo "3049"]
[TimeControl "180+1"]
[EndTime "10:07:41 PDT"]
[Termination "elohunter1999 won by checkmate"]

1. e4 c6 2. d4 d5 3. e5 Bf5 4. Nf3 e6 5. Be2 Ne7 6. O-O h6 7. Nbd2 Nd7 8. Nb3 g5 9. Ne1 Qc7 10. Nd3 Bg7 11. f4 O-O-O 12. a4 f6 13. a5 Ng6 14.
exf6 Bxf6 15. Ne5 Nxf4 16. Bxf4 gxf4 17. Nf7 a6 18. Nxh8 Rxh8 19. Bg4 Re8 20. Bxf5 exf5 21. Qh5 Rf8 22. Kh1 Bg5 23. Nc5 Nf6 24. Qg6 Re8 25.
Qxf5+ Kb8 26. Rae1 Rg8 27. Re6 Rf8 28. Rxf6 Rxf6 29. Nd7+ Ka7 30. Nxf6 Qxa5 31. Nh5 Qb5 32. Qd3 Qxb2 33. h3 Bd8 34. Nxf4 Bb6 35. Rd1 a5 36. Ne6 Qb4 37. Nc5 Bxc5 38. dxc5 Qf4 39. c3 Qe5 40. Ra1 Kb8 41. Qd4 Qe2 42. Qf4+ Kc8 43. Rxa5 Qe1+ 44. Kh2 Qxc3 45. Ra8+ Kd7 46. Qf7# 1-0

[Event "*** SCC Grand Prix: Titled Tuesday Blitz"]
[Site "Chess.com"]
[Date "2020.07.21"]
[Round "1"]
[White "ambaixador"]
[Black "NikolaGry"]
[Result "0-1"]
[WhiteElo "2302"]
[BlackElo "2640"]
[TimeControl "180+1"]
[EndTime "10:07:42 PDT"]
[Termination "NikolaGry won by checkmate"]

1. Nf3 c5 2. c4 b6 3. g3 Bb7 4. Bg2 Nf6 5. O-O e6 6. Nc3 Be7 7. d4 cxd4 8. Nxd4 Bxg2 9. Kxg2 Qc8 10. b3 O-O 11. Bb2 Qb7+ 12. Kg1 Rd8 13. Rc1 Nc6 14. Nxc6 Qxc6 15. Qd3 a6 16. Rfd1 Rac8 17. Qb1 Qb7 18. Rd3 b5 19. cxb5 axb5 20. Rcd1 d5 21. Qa1 b4 22. Na4 h5 23. Rc1 Rxc1+ 24. Qxc1 Rc8 25. Qg5 Rc2 26. Rf3 Kf8 27. Bxf6 Bxf6 28. Qxh5 Rxe2 29. Rxf6 Re1+ 30. Kg2 gxf6 31. Nc5 Qc6 32. Nd3 Re4 33. f3 Qc2+ 34. Kh3 Qxd3 35. fxe4 dxe4 36. Qh8+ Ke7 37. Qb8 f5 38. Qxb4+ Kf6 39. Qc4 Qf3 40. Qd4+ Kg6 41. Qe5 e3 42. Qh8 Qg4+ 43. Kg2 Qe4+ 44. Kf1 Qf3+ 45. Ke1 Qf2+ 46. Kd1 Qd2# 0-1

[Event "*** SCC Grand Prix: Titled Tuesday Blitz"]
[Site "Chess.com"]
[Date "2020.07.21"]
[Round "1"]
[White "XxPetroffsxX"]
[Black "maciejos95"]
[Result "0-1"]
[WhiteElo "1918"]
[BlackElo "2478"]
[TimeControl "180+1"]
[EndTime "10:07:43 PDT"]
[Termination "maciejos95 won by resignation"]

1. e4 e6 2. d4 d5 3. Nc3 Nf6 4. e5 Nfd7 5. f4 c5 6. Nf3 Nc6 7. Be3 cxd4 8. Nxd4 Bc5 9. Nxc6 bxc6 10. Bxc5 Nxc5 11.
Qg4 O-O 12. Bd3 f6 13. O-O f5 14. Qh5 Qb6 15. Kh1 Nxd3 16. cxd3 Qxb2 17. Rac1 Ba6 18. Qf3 Rab8 19. h4 Rfc8 20. h5 h6 21. Na4 Qxa2 22.
Nc5 Bb5 23. Nxe6 Qa3 24. Qg3 Rb7 25. Nc5 Re7 26. Qg6 Rf8 27. Rfd1 a5 28. d4 Qe3 29. Ne6 Rfe8 30. Nxg7 Rxg7 31. Qxe8+ Kh7 32. Rc2 Bd3 33. Rcd2 Be4 34. Qg6+ Rxg6 35. hxg6+ Kxg6 36. Rb2 Qxf4 37. Rdd2 Qf1+ 38. Kh2 Qf4+ 39. Kh1 Qh4+ 40. Kg1 Qe1+ 41. Kh2 a4 42. Re2 Qh4+ 43. Kg1 Qf4 44. Ra2 Qc1+ 45. Kh2 Qc4 46. Red2 Bd3 47. Ra3 Qxd4 48. Raxd3 Qxe5+ 49. g3 f4 50. gxf4 Qxf4+ 51. Rg3+ Kh5 52. Rg2 Kh4 53. Kg1 Qxg3 54. Rxg3 Kxg3 55. Kf1 a3 56. Ke1 a2 0-1

[Event "*** SCC Grand Prix: Titled Tuesday Blitz"]
[Site "Chess.com"]
[Date "2020.07.21"]
[Round "1"]
[White "diablanni"]
[Black "chessplayer9919"]
[Result "1-0"]
[WhiteElo "2335"]
[BlackElo "2632"]
[TimeControl "180+1"]
[EndTime "10:07:44 PDT"]
[Termination "diablanni won by checkmate"]

1. e4 c6 2. d4 d5 3. Nc3 dxe4 4.
Nxe4 Bf5 5. Ng3 Bg6 6. h4 h6 7. Nf3 e6 8. Ne5 Bh7 9. Bd3 Bxd3 10. Qxd3 Nd7 11. f4 Be7 12. Bd2 Nxe5 13. fxe5 Bxh4 14.
O-O-O Bxg3 15. Qxg3 Ne7 16. Qxg7 Rg8 17. Qh7 Qd5 18. Kb1 O-O-O 19. Qxf7 Nf5 20. Bxh6 Rxg2 21. Bc1 Nxd4 22. Rh7 Rd7 23. Qxd7+ Qxd7 24. Rxd7 Kxd7 25.
Rxd4+ Ke7 26. b3 c5 27. Ba3 b6 28. Rh4 Rg7 29. b4 cxb4 30. Bxb4+ Kd7 31. Rc4 b5 32.
Rc3 Rg4 33. Bd6 a5 34. Rc7+ Kd8 35. Rb7 b4 36. Ra7 Kc8 37. Rxa5 Kb7 38. Rb5+ Kc6 39.
Rxb4 Rg1+ 40. Kb2 Kd5 41. a4 Rg7 42. a5 Ra7 43. Ra4 Kc6 44. Kb3 Kb7 45. Bc5 Ra8 46. Bb6 Ka6 47. Rd4 Rh8 48. Rd6 Rh3+ 49. c3 Kb5 50. Bd8 Re3 51. Rxe6 Re1 52. a6 Rb1+ 53. Ka2 Rd1 54. Rd6 Rh1 55. a7 Rh2+ 56. Kb3 Rh4 57. Rb6+ Kc5 58. a8=Q Rh6 59. Qa5# 1-0

[Event "*** SCC Grand Prix: Titled Tuesday Blitz"]
[Site "Chess.com"]
[Date "2020.07.21"]
[Round "1"]
[White "crackcubano"]
[Black "davigator"]
[Result "0-1"]
[WhiteElo "2625"]
[BlackElo "2323"]
[TimeControl "180+1"]
[EndTime "10:07:44 PDT"]
[Termination "davigator won on time"]

1. Nf3 d5 2. c4 c6 3. Qc2 Nf6 4. g3 Bg4 5. Ne5 Bh5 6. Bg2 Nbd7 7. Nxd7 Qxd7 8. d3 e6 9. O-O Be7 10. e4 O-O 11. e5 Ne8 12. d4 Bg6 13. Qb3 dxc4 14.
Qxc4 Nc7 15. Rd1 Nd5 16. Nc3 Rfc8 17. Ne4 b6 18. h4 h6 19. Bd2 a5 20. a3 Bf8 21. Rac1 Bh5 22. Re1 Rab8 23. b4 axb4 24. axb4 Ra8 25. Ra1 Bg6 26. Kh2 Qb7 27. f4 Rxa1 28.
Rxa1 Ra8 29. Rc1 b5 30. Qb3 Ra4 31. Nc5 Bxc5 32. Rxc5 Qa6 33. g4 h5 34. f5 exf5 35. gxh5 Bxh5 36. Bxd5 cxd5 37. Qxd5 Ra2 38. Qg2 Qa3 39.
Qg5 Qf3 40. e6 f6 41. Qg2 Qxg2+ 42. Kxg2 Rxd2+ 43. Kg3 Rxd4 44. Rxf5 Bg4 45. Rxb5 Bxe6 46. Rb6 Kf7 47. Rb7+ Kg6 48. h5+ Kh6 49. Rxg7 Kxg7 0-1

[Event "*** SCC Grand Prix: Titled Tuesday Blitz"]
[Site "Chess.com"]
[Date "2020.07.21"]
[Round "1"]
[White "talaicito"]
[Black "fischercapa"]
[Result "1/2-1/2"]
[WhiteElo "2059"]
[BlackElo "2495"]
[TimeControl "180+1"]
[EndTime "10:07:44 PDT"]
[Termination "Game drawn by repetition"]

1. d4 Nf6 2. Nc3 c5 3. d5 d6 4. e4 g6 5. Nf3 Bg7 6. Nd2 O-O 7.
Be2 e6 8. O-O exd5 9. exd5 a6 10. a4 Nbd7 11. f4 Re8 12. Bf3 Rb8 13. Nc4 Qc7 14. a5 b5 15. axb6 Nxb6 16. Na5 Bf5 17. Nc6 Ra8 18. g4 Bd7 19. g5 Nh5 20. f5 Bxc6 21.
dxc6 Bd4+ 22. Kh1 Ng7 23. fxg6 hxg6 24. Nd5 Nxd5 25. Bxd5 Nf5 26. Rxf5 gxf5 27. g6 Re5 28.
gxf7+ Kg7 29. Qf3 Rxd5 30. Qxd5 Qxf7 31. Qxf7+ Kxf7 32. c7 Ke6 33. Rxa6 Rc8 34. Bf4 Be5 35. Bxe5 Kxe5 36. Ra7 Ke4 37. Kg2 Ke3 38. Ra6 d5 39. Rc6 c4 40. c3 f4 41. Kf1 Kd2 42. h4 Kc2 43. h5 Kxb2 44. h6 Kxc3 45. h7 d4 46. h8=Q Rxh8 47. c8=Q Rxc8 48. Rxc8 Kd3 49. Ke1 c3 50. Kd1 f3 51. Rf8 Ke3 52. Re8+ Kd3 53. Rf8 Ke3 54. Re8+ Kd3 55. Rf8 1/2-1/2

[Event "*** SCC Grand Prix: Titled Tuesday Blitz"]
[Site "Chess.com"]
[Date "2020.07.21"]
[Round "1"]
[White "hansen"]
[Black "PlotnikovPavel"]
[Result "0-1"]
[WhiteElo "2900"]
[BlackElo "2460"]
[TimeControl "180+1"]
[EndTime "10:07:45 PDT"]
[Termination "PlotnikovPavel won by resignation"]

1. e4 e6 2. Nc3 d5 3. d4 Nf6 4.
Bg5 Be7 5. e5 Nfd7 6. h4 c5 7.
Nb5 f6 8. exf6 Nxf6 9. Nf3 a6 10. Nc3 cxd4 11. Qxd4 Nc6 12. Qd2 d4 13. Bxf6 Bxf6 14. Ne4 e5 15. Bd3 Bg4 16. O-O-O Qd5 17. Kb1 O-O-O 18.
Qe2 Be6 19. c4 Qa5 20. Nfg5 Bg8 21. a3 h6 22. Nxf6 gxf6 23. Qg4+ Kb8 24. Ne4 Bh7 25. Nxf6 Bxd3+ 26. Rxd3 Qa4 27. Qe6 Ka7 28. Rc1 Rhf8 29. f3 Qa5 30. Ne4 Qc7 31. Qxh6 Rh8 32. Qf6 Rdf8 33.
Qd6 Qxd6 34. Nxd6 Rxh4 35. Rc2 Rh1+ 36. Ka2 Rg8 37. Rdd2 Rg1 38. b4 Rg6 39. Ne4 Ne7 40. a4 Nf5 41. a5 Ne3 42. g4 Nxc2 43. Rxc2 Rf1 44. b5 Rxf3 45. b6+ Kb8 46. Rh2 Rf8 47. g5 d3 48. Kb3 Rd8 49. Kc3 Rc6 50. c5 Rd4 51.
Rh8+ Rc8 52. Rxc8+ Kxc8 53. Nd6+ Kd7 54. Nxb7 d2 0-1

[Event "*** SCC Grand Prix: Titled Tuesday Blitz"]
[Site "Chess.com"]
[Date "2020.07.21"]
[Round "1"]
[White "Anton_Demchenko"]
[Black "boasovietica"]
[Result "1-0"]
[WhiteElo "2827"]
[BlackElo "2414"]
[TimeControl "180+1"]
[EndTime "10:07:45 PDT"]
[Termination "Anton_Demchenko won by checkmate"]

1. e4 e5 2. Nf3 Nc6 3. Nc3 Nf6 4. d4 exd4 5. Nxd4 Bb4 6. Nxc6 bxc6 7. Bd3 d5 8. exd5 O-O 9. O-O cxd5 10. h3 c6 11. Qf3 Bd6 12. Bf4 Rb8 13. b3 Rb4 14.
Bxd6 Qxd6 15. Rfe1 Be6 16. Na4 h6 17. Rad1 Qb8 18.
Nc5 Qd6 19. Qe3 Re8 20. Nxe6 fxe6 21. Qxa7 e5 22. c4 e4 23. Bf1 Rbb8 24. cxd5 cxd5 25. Qe3 Qe5 26. Rd2 Red8 27. Red1 Ra8 28. a4 Rab8 29. Bb5 Rd6 30. Qc5 Rbd8 31. a5 Qe6 32. a6 Kh7 33. a7 d4 34. Bc4 Qe7 35. Qf5+ g6 36. Qa5 e3 37. fxe3 Qxe3+ 38. Kh2 Ne4 39. Rd3 Qf4+ 40. Kg1 Ng3 41. Qc7+ R8d7 42. Qxd7+ Rxd7 43. a8=Q Ne2+ 44. Kh1 Ng3+ 45. Rxg3 Qxg3 46. Qg8# 1-0

[Event "*** SCC Grand Prix: Titled Tuesday Blitz"]
[Site "Chess.com"]
[Date "2020.07.21"]
[Round "1"]
[White "FMKonstantin_Twitch"]
[Black "silverback96"]
[Result "1/2-1/2"]
[WhiteElo "2589"]
[BlackElo "2259"]
[TimeControl "180+1"]
[EndTime "10:07:45 PDT"]
[Termination "Game drawn by agreement"]

1. e4 e6 2. Nf3 d5 3. Nc3 d4 4. Ne2 d3 5. cxd3 c5 6. d4 cxd4 7. Nexd4 Nf6 8. Bb5+ Bd7 9. Qa4 Bc5 10.
O-O O-O 11. Nb3 Bb6 12. Bxd7 Nbxd7 13. d3 h6 14. Be3 Bxe3 15. fxe3 Ng4 16. Rae1 Qb6 17. Qd4 Qb5 18. h3 Nge5 19. Nxe5 Nxe5 20. Nc5 b6 21. Qxe5 bxc5 22. Qc3 Rab8 23. Rf2 Rfd8 24. Rd2 a5 25. Red1 a4 26. d4 Qc6 27. d5 Qb6 28. d6 Qb4 29. Qxb4 Rxb4 30. Kf2 Rxe4 31.
Rc2 Re5 32. Kf3 f5 33. Rc4 Rd5 34. Rxd5 exd5 35. Rxc5 Rxd6 36. Ra5 Rb6 37. Rxa4 Rxb2 38. Ra8+ Kf7 39. a4 Ra2 40. a5 Ra4 41. a6 Kg6 42. Ke2 d4 43. exd4 Rxd4 44. Ke3 Ra4 45. Kd3 Kg5 46.
Kc3 Kf4 47. Kb3 Ra1 48. Kb4 Kg3 49. Rg8 Rxa6 50. Rxg7+ Kf2 51. Kc4 f4 52. Rg4 Re6 53. Kd4 f3 54. gxf3 Kxf3 1/2-1/2

[Event "*** SCC Grand Prix: Titled Tuesday Blitz"]
[Site "Chess.com"]
[Date "2020.07.21"]
[Round "1"]
[White "Alexander_Zubov"]
[Black "Gerodot71"]
[Result "1-0"]
[WhiteElo "2851"]
[BlackElo "2425"]
[TimeControl "180+1"]
[EndTime "10:07:46 PDT"]
[Termination "Alexander_Zubov won by resignation"]

1. d4 Nf6 2. Nf3 d5 3. c4 e6 4. Nc3 dxc4 5. e4 b5 6. e5 Nd5 7. Nxb5 Nb6 8. Be2 Nc6 9. O-O Bb7 10. Bg5 Be7 11. Bxe7 Qxe7 12. Qc1 a6 13. Na3 Rd8 14.
Rd1 Na5 15. Qc3 Rd5 16. Nd2 O-O 17. Bf3 Qd7 18. Bxd5 Qxd5 19. Nf3 Rd8 20. Rac1 Rd7 21. Nc2 Qb5 22. Na3 Qd5 23. Ne1 h6 24. f3 f6 25.
Nec2 Nc6 26. Ne3 Qa5 27. Qxa5 Nxa5 28. exf6 gxf6 29. Naxc4 Naxc4 30. Nxc4 Bd5 31. Nxb6 cxb6 32. a3 Kf7 33. Kf2 Kg6 34. g4 f5 35. Kg3 Rf7 36.
Rc3 fxg4 37. fxg4 Rd7 38. Rf1 Kg7 39. h4 b5 40. Rf2 Re7 41. Rc8 Rd7 42. Rcf8 Rc7 43.
h5 Rd7 44. Kh4 Rc7 45. g5 1-0

[Event "*** SCC Grand Prix: Titled Tuesday Blitz"]
[Site "Chess.com"]
[Date "2020.07.21"]
[Round "1"]
[White "Funo09"]
[Black "Steven_Rojas"]
[Result "1/2-1/2"]
[WhiteElo "2760"]
[BlackElo "2395"]
[TimeControl "180+1"]
[EndTime "10:07:47 PDT"]
[Termination "Game drawn by stalemate"]

1. e4 e6 2. Nc3 d5 3. d4 dxe4 4. Nxe4 Nd7 5. Nf3 Ngf6 6. Nxf6+ Nxf6 7. Bd3 c5 8. dxc5 Bxc5 9. O-O O-O 10. Qe2 b6 11.
Bg5 Bb7 12. Rad1 Qc7 13. Bxf6 gxf6 14. Be4 Rad8 15. c3 Rxd1 16. Rxd1 Bxe4 17. Qxe4 Rd8 18. Rxd8+ Qxd8 19. g3 f5 20. Qe2 Qd5 21. a3 Qe4 22. Kf1 Kg7 23. Qxe4 fxe4 24. Ng5 e3 25. f4 Kg6 26.
Ke2 Kf5 27. Nxf7 Kg4 28. Ng5 e5 29. Ne4 exf4 30. gxf4 Kxf4 31. Nxc5 bxc5 32. b4 cxb4 33. cxb4 Ke4 34. h4 Kd4 35. h5 Kc3 36. Kxe3 Kb3 37. Kd4 Kxa3 38. Kc4 Kb2 39. h6 Kc2 40. Kb5 Kb3 41.
Ka5 Kc4 42. b5 Kd5 43. Ka6 Kc5 44. Ka5 Kc4 45. Ka6 Kc5 46. Kxa7 Kxb5 47. Kb7 Kc5 48. Kc7 Kd4 49. Kd7 Kd5 50. Ke7 Kc6 51. Kf7 Kd7 52.
Kg7 Ke7 53. Kxh7 Kf7 54. Kh8 Kf8 55. h7 Kf7 1/2-1/2

[Event "*** SCC Grand Prix: Titled Tuesday Blitz"]
[Site "Chess.com"]
[Date "2020.07.21"]
[Round "1"]
[White "DaggiGretarsson"]
[Black "Josip_buje"]
[Result "1-0"]
[WhiteElo "2625"]
[BlackElo "2282"]
[TimeControl "180+1"]
[EndTime "10:07:47 PDT"]
[Termination "DaggiGretarsson won on time"]

1. d4 d5 2. c4 c6 3. Nc3 Nf6 4. e3 Bf5 5. cxd5 cxd5 6. Qb3 Bc8 7. Nf3 Nc6 8. Bb5 e6 9. Ne5 Bd7 10. Nxd7 Qxd7 11. Bd2 a6 12. Bxc6 Qxc6 13. Rc1 Be7 14. O-O O-O 15. Na4 Qb5 16. Nb6 Qxb3 17. axb3 Rab8 18.
f3 Bd8 19. Ba5 Bxb6 20. Bxb6 Rbc8 21. Bc7 Ne8 22. Ba5 Nf6 23. Kf2 Rc6 24. Rxc6 bxc6 25. Bc7 Rc8 26. Bd6 Ne8 27. Bg3 f6 28. Ra1 Ra8 29.
Rc1 Rc8 30. Ke2 Kf7 31. Kd3 Ke7 32. Kc3 Kd7 33. Kb4 Nc7 34. Ka5 Rb8 35. Bxc7 Kxc7 36. Rc3 Kb7 37. b4 Re8 38. e4 Rd8 39. Re3 dxe4 40. Rxe4 Rd5+ 41. Ka4 e5 42. dxe5 fxe5 43. Rg4 g6 44. h4 Kb6 45. h5 gxh5 46. Rh4 Rd4 47.
Rxh5 c5 48. Rxe5 Rxb4+ 49. Ka3 Rd4 50. Kb3 1-0

[Event "*** SCC Grand Prix: Titled Tuesday Blitz"]
[Site "Chess.com"]
[Date "2020.07.21"]
[Round "1"]
[White "HanSchut"]
[Black "Rodalquilar"]
[Result "0-1"]
[WhiteElo "2313"]
[BlackElo "2644"]
[TimeControl "180+1"]
[EndTime "10:07:48 PDT"]
[Termination "Rodalquilar won by resignation"]

1. e4 Nf6 2. e5 Nd5 3. d4 d6 4.
c4 Nb6 5. exd6 cxd6 6. Be3 g6 7.
Nc3 Bg7 8. Rc1 O-O 9. b3 Bf5 10. Be2 d5 11. c5 Nc8 12. Nf3 Nc6 13. a3 Bg4 14. b4 e6 15. b5 Na5 16. O-O Ne7 17. h3 Bxf3 18. Bxf3 Nf5 19. Be2 Nc4 20. Bxc4 dxc4 21. Ne2 Qd5 22. a4 Rfd8 23. Nf4 Qe4 24. Rxc4 e5 25. Nd3 exd4 26. Bg5 f6 27. Bc1 Nh4 28. f3 Qe6 29. Qc2 Nf5 30. Re1 Qf7 31.
c6 bxc6 32. bxc6 Rac8 33. Rc5 Bf8 34. Rc4 Qd5 35. Nf4 Qa5 36. Bd2 Qa6 37. Ne6 Re8 38. Nxf8 Rxe1+ 39. Bxe1 Kxf8 40. Bb4+ Kg7 41. Qe4 Qxc4 42.
g4 Ne3 43. Qe7+ Kg8 44. Kf2 Qf1+ 45. Kg3 Qg2+ 46. Kf4 Nd5+ 47. Ke4 Nxe7 48. Bxe7 Qe2+ 49. Kd5 Qxe7 50. Kxd4 Qd6+ 0-1

[Event "*** SCC Grand Prix: Titled Tuesday Blitz"]
[Site "Chess.com"]
[Date "2020.07.21"]
[Round "1"]
[White "MusicCityMaster"]
[Black "Biranidun"]
[Result "0-1"]
[WhiteElo "2433"]
[BlackElo "2882"]
[TimeControl "180+1"]
[EndTime "10:07:49 PDT"]
[Termination "Biranidun won by resignation"]

1. e4 c5 2. Nf3 d6 3. d4 cxd4 4. Nxd4 Nf6 5. Nc3 a6 6. Bc4 e6 7. Bb3 b5 8. Qe2 Be7 9. g4 O-O 10. g5 Nfd7 11. h4 Bb7 12. g6 hxg6 13. h5 g5 14. Be3 Nc5 15. f3 Nbd7 16. O-O-O Rc8 17. Kb1 Ne5 18. f4 gxf4 19. Bxf4 Bf6 20. Rhg1 b4 21.
Nd5 exd5 22. Nf5 Kh8 23. Qg2 Ne6 24. Bxe5 Bxe5 25. exd5 Nf4 26. Qg4 Qf6 27. Rdf1 Nxd5 28. Bxd5 Bxd5 29. Ne3 Qe6 30. Nxd5 Qxd5 31. Rf5 Qd4 32.
Qxd4 Bxd4 33. Rg4 Be5 34. Rxb4 Rb8 35. a3 a5 36. Rxb8 Rxb8 37. b3 f6 38. Rf3 Kh7 39.
Rd3 Kh6 40. Rd5 a4 41. b4 Kxh5 42. c4 Rc8 43. c5 dxc5 44. bxc5 g5 45. Kc2 g4 46.
Kd3 g3 47. Ke2 Kg4 48. c6 Rxc6 49.
Ra5 Rc2+ 50. Kd3 Ra2 51. Rxa4+ Kh3 52. Ra6 g2 0-1

[Event "*** SCC Grand Prix: Titled Tuesday Blitz"]
[Site "Chess.com"]
[Date "2020.07.21"]
[Round "1"]
[White "UCantHandleDenker"]
[Black "chesslh19"]
[Result "1-0"]
[WhiteElo "2563"]
[BlackElo "2172"]
[TimeControl "180+1"]
[EndTime "10:07:50 PDT"]
[Termination "UCantHandleDenker won on time"]

1. Nf3 Nf6 2. g3 d5 3. Bg2 Bg4 4. O-O Nbd7 5. d3 c6 6. Nbd2 e6 7. h3 Bxf3 8. Nxf3 Be7 9. Qe1 O-O 10.
e4 dxe4 11. dxe4 e5 12. Qe2 Bc5 13. Kh1 Qe7 14. Nh4 Rfd8 15. Bd2 Nf8 16. Rad1 Ne6 17.
c3 a5 18. a3 a4 19. Nf5 Qe8 20. h4 Bf8 21. Kh2 h5 22. Bh3 g6 23. Nh6+ Kh7 24.
Bg5 Nxg5 25. hxg5 Ng8 26. Nxg8 Kxg8 27. Qc4 b5 28. Qe2 Rxd1 29. Rxd1 Rd8 30. Kg2 Be7 31. f4 Rxd1 32. Qxd1 exf4 33. gxf4 Qd8 34. Qxd8+ Bxd8 35. Bd7 Bc7 36. Kf3 h4 37. e5 h3 38. Bxc6 h2 39. Kg2 Bb6 40. Kxh2 Be3 41. Kg3 Bc1 42. Bxb5 Bxb2 43.
Bxa4 Bxa3 44. Bb3 Kf8 45. Kf3 Ke7 46. Ke4 Bc1 47. c4 Bd2 48. c5 Be1 49. f5 gxf5+ 50. Kxf5 Bc3 51. c6 Ba5 52. e6 fxe6+ 53. Bxe6 1-0

[Event "*** SCC Grand Prix: Titled Tuesday Blitz"]
[Site "Chess.com"]
[Date "2020.07.21"]
[Round "1"]
[White "alexsergeyev"]
[Black "GregShahade"]
[Result "1/2-1/2"]
[WhiteElo "2360"]
[BlackElo "2703"]
[TimeControl "180+1"]
[EndTime "10:07:51 PDT"]
[Termination "Game drawn - insufficient material"]

1. d4 Nf6 2. Nf3 g6 3. c4 Bg7 4.
Nc3 d5 5. Bg5 Ne4 6. cxd5 Nxg5 7. Nxg5 O-O 8. Nf3 c6 9. dxc6 Nxc6 10. e3 e5 11. dxe5 Nxe5 12. Qxd8 Nxf3+ 13. gxf3 Rxd8 14. Rd1 Be6 15. Rxd8+ Rxd8 16. a3 Rd6 17. Be2 Rb6 18. Na4 Rc6 19. Kd2 Bb3 20. Nc3 a6 21. Rc1 b5 22. Bd3 Rd6 23. Ke2 h6 24. f4 Be6 25.
f3 Rd8 26. Rd1 Bb3 27. Rc1 Re8 28. Bc2 Bc4+ 29. Bd3 Bd4 30. Ne4 Bxb2 31. Bxc4 Bxc1 32. Nf6+ Kf8 33. Nxe8 Kxe8 34. Bd5 Bxa3 35. Bb7 a5 36.
Bc6+ Ke7 37. Bxb5 Kd6 38. Kd3 Kc5 39. Be8 Bb2 40. Bxf7 g5 41. fxg5 hxg5 42. f4 gxf4 43. exf4 Kd6 44. Ke4 Ke7 45. Bb3 Kf6 46. Kf3 Kg7 47.
h3 Bf6 48. Kg4 Kg6 49. h4 Kg7 50. h5 Kh6 51. Kf5 Bc3 52. Kg4 Bf6 53. Ba4 Bc3 54. Bb3 Bd2 55. Ba4 Bxf4 56. Kxf4 Kxh5 57. Ke4 Kg5 58. Kd4 Kf6 59. Kc4 Ke5 60. Kb5 Kd6 61. Kxa5 1/2-1/2

[Event "*** SCC Grand Prix: Titled Tuesday Blitz"]
[Site "Chess.com"]
[Date "2020.07.21"]
[Round "1"]
[White "Vision_64"]
[Black "Hanging_pointer"]
[Result "0-1"]
[WhiteElo "2199"]
[BlackElo "2568"]
[TimeControl "180+1"]
[EndTime "10:07:51 PDT"]
[Termination "Hanging_pointer won by resignation"]

1. e4 c5 2. Nf3 d6 3. d4 cxd4 4. Nxd4 Nf6 5. Nc3 a6 6. Bg5 e6 7. f4 Nc6 8. Nxc6 bxc6 9. e5 dxe5 10. Qxd8+ Kxd8 11. fxe5 h6 12. Bh4 g5 13. exf6 gxh4 14. O-O-O+ Kc7 15. Ne4 c5 16. Be2 Bb7 17. Bf3 Rg8 18.
Rhe1 Bc6 19. Re3 Rd8 20. Rc3 Rxd1+ 21. Kxd1 Bxe4 22. Bxe4 Bd6 23. h3 Rb8 24. Ra3 Rb6 25. Rb3 Rxb3 26. axb3 Be5 27. c3 Bxf6 28. Ke2 Bg5 29.
Kd3 f5 30. Bf3 e5 31. Kc4 Kd6 32. Bb7 a5 33. Kb5 Bc1 34. Kxa5 Bxb2 35. c4 e4 36. b4 Bc3 37. Ka4 Bxb4 38. Kb3 Ke5 39. Bd5 Kd4 40. Kc2 f4 41. Kd1 Ke3 42. Kc2 Ba5 43. Kd1 Bd8 44. Kc2 Bf6 45. Kd1 Bc3 46.
Kc2 Ba5 47. Kd1 f3 48. gxf3 exf3 49. Kc2 Ke2 50. Be4 f2 51. Bg2 f1=Q 52. Bxf1+ Kxf1 53. Kd3 Kg2 54. Ke4 Kxh3 55. Kd5 Bb4 56. Ke4 Kg2 57. Kf4 h3 58. Kg4 h2 59. Kh5 h1=Q+ 60. Kg6 h5 61. Kg7 h4 62. Kg8 Qf1 0-1

[Event "*** SCC Grand Prix: Titled Tuesday Blitz"]
[Site "Chess.com"]
[Date "2020.07.21"]
[Round "1"]
[White "isainz"]
[Black "amatatanav"]
[Result "1-0"]
[WhiteElo "2133"]
[BlackElo "2502"]
[TimeControl "180+1"]
[EndTime "10:07:51 PDT"]
[Termination "isainz won by resignation"]

1. e4 c5 2. Nf3 Nc6 3. d4 cxd4 4. Nxd4 g6 5. c4 Nf6 6. Nc3 d6 7. Be2 Nxd4 8. Qxd4 Bg7 9. Be3 O-O 10. Qd3 Be6 11.
Bd4 a6 12. O-O Qc7 13. f4 Rfc8 14. b3 Bg4 15. Bxg4 Nxg4 16. Nd5 Qd8 17. Bxg7 Kxg7 18.
Qd4+ e5 19. Qb2 Nf6 20. fxe5 Nxd5 21. exd5 dxe5 22. Qxe5+ f6 23. Qd4 Rc7 24. Rae1 Rf7 25. c5 Qf8 26. b4 Rd8 27. d6 Kg8 28. Qd5 Kh8 29. Re6 f5 30. Qe5+ Kg8 31. Re1 Qg7 32.
Qxg7+ Kxg7 33. Re7 Rd7 34. Rxd7 Rxd7 35. Kf2 Kf6 36.
Ke3 Kf7 37. Kd4 Rd8 38. Kd5 Rd7 39. a4 h6 40. b5 axb5 41. axb5 Kf6 42. c6 bxc6+ 43.
bxc6 Ra7 44. d7 Ra8 45. Kd6 Kf7 46. Re8 Rxe8 47. dxe8=Q+ Kxe8 48. Kc7 Ke7 49. Kb7 f4 50. c7 g5 51. c8=Q Kf6 52. Qc6+ Kf5 53. Qf3 h5 54. Qxh5 Kf6 55. h4 gxh4 56. Qxh4+ Kf5 57. g3 fxg3 58. Qxg3 Ke4 59. Qc3 1-0

[Event "*** SCC Grand Prix: Titled Tuesday Blitz"]
[Site "Chess.com"]
[Date "2020.07.21"]
[Round "1"]
[White "Juanovic"]
[Black "TST2014"]
[Result "0-1"]
[WhiteElo "2092"]
[BlackElo "2516"]
[TimeControl "180+1"]
[EndTime "10:07:52 PDT"]
[Termination "TST2014 won by resignation"]

1. e4 c5 2. Nf3 Nc6 3. Nc3 d6 4. g3 e5 5. Bg2 Be7 6. d3 Nf6 7. h3 O-O 8. O-O Re8 9. a4 Bf8 10. Bg5 h6 11. Bxf6 Qxf6 12. Nd5 Qd8 13. Nd2 Rb8 14. Nc4 b6 15. Nce3 g6 16. h4 h5 17.
c3 Bh6 18. Qf3 Kg7 19. Rad1 Rf8 20. Qe2 Ne7 21. Nxe7 Qxe7 22. Nd5 Qd8 23. d4 Bg4 24. Bf3 Be6 25. dxe5 dxe5 26. c4 Bxd5 27. Rxd5 Qe7 28. Rfd1 Rfd8 29. Kg2 Qe8 30. b3 Kg8 31. Qd3 Rxd5 32.
Qxd5 Bg7 33. Qd6 Rb7 34. Rd5 Bf8 35. Qf6 Qe7 36. Qxe7 Rxe7 37. Kf1 Bh6 38. Ke2 Bc1 39. Bg2 Bb2 40. Bh3 Bd4 41. f3 Kg7 42. Kd3 Kf6 43. Bd7 Bf2 44. f4 Bxg3 45. f5 g5 46. hxg5+ Kxg5 47.
Ke2 Kf4 48. Kd3 f6 49. Be6 h4 50. Rd8 h3 51. Rh8 h2 52. Bd5 Kf3 53. Rh6 Kg2 0-1

[Event "*** SCC Grand Prix: Titled Tuesday Blitz"]
[Site "Chess.com"]
[Date "2020.07.21"]
[Round "1"]
[White "deep306"]
[Black "MisiekZielony"]
[Result "1/2-1/2"]
[WhiteElo "2575"]
[BlackElo "2239"]
[TimeControl "180+1"]
[EndTime "10:07:55 PDT"]
[Termination "Game drawn - insufficient material"]

1. d4 d5 2. c4 c6 3. Nf3 Nf6 4. e3 g6 5. Nc3 Bg7 6. Be2 O-O 7. O-O Bg4 8. b3 Nbd7 9. Bb2 e6 10. h3 Bxf3 11. Bxf3 Re8 12. e4 dxe4 13. Nxe4 Nxe4 14. Bxe4 e5 15. d5 Nf6 16. Bf3 e4 17. Be2 cxd5 18.
cxd5 Nxd5 19. Bxg7 Kxg7 20. Qd4+ Nf6 21. Qb4 Qe7 22. Qa5 b6 23. Qa6 Rad8 24. Rac1 e3 25. f4 Rd2 26. f5 Red8 27. Kh1 Ne4 28. Kg1 Nf2 29. Rc8 R8d4 30. Rc6 Rd6 31. Rxd6 Qxd6 32. Qc4 Qd4 33. Qxd4+ Rxd4 34. fxg6 hxg6 35. Re1 f5 36. h4 f4 37. g3 fxg3 38. Kg2 Ne4 39. Bf3 Rd2+ 40.
Kh3 Nf2+ 41. Kxg3 Rd3 42. Be2 Rc3 43. Bc4 Ne4+ 44. Kf4 Nd2 45. Rxe3 Rxe3 46. Kxe3 Nxc4+ 47. bxc4 Kf6 48. Kd4 Ke6 49. a4 a5 50. c5 bxc5+ 51.
Kxc5 Kf5 52. Kb5 Kg4 53. Kxa5 Kxh4 54. Kb5 g5 55. a5 g4 56. a6 g3 57. a7 g2 58.
a8=Q g1=Q 59. Qh8+ Kg3 60. Qg7+ Kf2 61. Qxg1+ Kxg1 1/2-1/2